 Dungeon Crawl Stone Soup version 0.28.0-53-g5a82cb258f (webtiles) character file.

Game seed: 14304260587957476514

122294 ILmort the Slayer (level 16, -2/169 HPs)
             Began as a Hill Orc Fighter on Aug 14, 2022.
             Was the Champion of Nemelex Xobeh.
             Shot with a bolt by a naga sharpshooter (14 damage)
             ... on level 1 of the Snake Pit.
             The game lasted 02:36:17 (25789 turns).

ILmort the Slayer (Hill Orc Fighter)               Turns: 25789, Time: 02:36:18

Health: -2/169     AC: 25    Str: 31    XL:     16   Next: 87%
Magic:  28/28      EV:  9    Int:  8    God:    Nemelex Xobeh [******]
Gold:   2646       SH:  0    Dex: 12    Spells: 15/15 levels left

rFire   . . .      SeeInvis .   a - +2 war axe (elec)
rCold   . . .      Faith    .   Q - +3 buckler "Bovi" {+Inv Str+2 Dex+2}
rNeg    . . .      Spirit   .   m - +1 chain mail of the Shoals {Harm Regen+ Str+2}
rPois   .          Reflect  .   T - +1 helmet
rElec   .          Harm     +   G - +0 cloak {rCorr}
rCorr   +          Rampage  .   t - +1 pair of gloves
Will    +....                   R - +0 pair of boots
Stlth   ..........              p - amulet of regeneration
HPRegen 1.98/turn               O - +4 ring of protection
MPRegen 0.21/turn               (no ring)

@: confused, lethally poisoned (-2 -> -3), ambrosia-drunk
A: no striking features
a: Renounce Religion, Evoke Invisibility, Draw Escape, Draw Destruction, Draw
Summoning, Triple Draw, Deal Four, Stack Five


You were on level 1 of the Snake Pit.
You worshipped Nemelex Xobeh.
Nemelex Xobeh was exalted by your worship.
You visited 5 branches of the dungeon, and saw 25 of its levels.
You also visited: Ossuary and Bailey.

You collected 3048 gold pieces.
You spent 402 gold pieces at shops.

Inventory:

Hand Weapons
 a - a +2 war axe of electrocution (weapon)
 b - a +3 flail
 C - a +3 battleaxe of freezing
 I - a +2 flail of holy wrath
Armour
 m - the +1 chain mail of the Shoals (worn) {Harm Regen+ Str+2}
   (You found it on level 3 of the Dungeon)

   Str:       It affects your strength (+2).
   Regen:     It increases your rate of health regeneration.
   Harm:      It increases damage dealt and taken.
 t - a +1 pair of gloves (worn)
 z - a +2 plate armour of willpower
 G - a +0 cloak of preservation (worn)
 J - a +1 ring mail of fire resistance
 Q - the +3 buckler "Bovi" (worn) {+Inv Str+2 Dex+2}
   (You found it on level 8 of the Dungeon)

   Str:       It affects your strength (+2).
   Dex:       It affects your dexterity (+2).
   +Inv:      It lets you turn invisible.
 R - a +0 pair of boots (worn)
 T - a +1 helmet (worn)
 U - the +1 chain mail of the Eternal Fruit {rN+ Regen+ Int+2 SInv}
   (You found it on level 13 of the Dungeon)

   Int:       It affects your intelligence (+2).
   rN:        It protects you from negative energy.
   SInv:      It lets you see invisible.
   Regen:     It increases your rate of health regeneration.
Jewellery
 d - the amulet of Lorchoc {Acrobat Int+4}
   (You found it on level 6 of the Lair of Beasts)

   [amulet of the acrobat]

   It increases your evasion while moving and waiting.
   Int:       It affects your intelligence (+4).
 o - a ring of fire
 p - an amulet of regeneration (around neck)
 O - a +4 ring of protection (left hand)
 V - the amulet "Limeunn" {Rampage rC- Regen+ rCorr SInv}
   (You took it off an orc wizard on level 13 of the Dungeon)

   [amulet of regeneration]

   rC:        It makes you vulnerable to cold.
   SInv:      It lets you see invisible.
   Regen:     It increases your rate of health regeneration.
   rCorr:     It protects you from acid and corrosion.
   Rampage:   It bestows one free step when moving towards enemies.
 Z - an amulet of guardian spirit
Wands
 q - a wand of acid (25)
 s - a wand of mindburst (21)
 u - a wand of iceblast (16)
 K - a wand of polymorph (5)
 L - a wand of flame (12)
 M - a wand of paralysis (10)
 S - a wand of charming (14)
 X - a wand of digging (5)
Scrolls
 c - 2 scrolls of brand weapon {unknown}
 e - 2 scrolls of amnesia
 f - 2 scrolls of enchant weapon
 j - 3 scrolls of silence
 k - 5 scrolls of fog
 l - 12 scrolls of identify
 n - a scroll of blinking
 r - a scroll of fear
 v - 2 scrolls of enchant armour
 y - 17 scrolls of teleportation
 D - 3 scrolls of magic mapping
 N - 4 scrolls of vulnerability
Potions
 g - 13 potions of curing
 h - 5 potions of lignification
 i - a potion of berserk rage
 w - 2 potions of flight
 x - 2 potions of might
 B - 6 potions of ambrosia
 E - 3 potions of magic
 F - 2 potions of haste
 H - 5 potions of attraction
 P - 4 potions of mutation
 W - 3 potions of cancellation
 Y - 2 potions of brilliance


   Skills:
 * Level 22.1 Fighting
 - Level 16.0 Axes
 + Level 12.5 Armour
 + Level 11.7 Shields
 + Level 17.1 Invocations


You had 15 spell levels left.
You didn't know any spells.
Your spell library contained the following spells:

 Spells                   Type           Power      Damage    Failure   Level
 Animate Skeleton         Necr           0%         N/A       87%         1
 Apportation              Tloc           0%         N/A       87%         1
 Beastly Appendage        Tmut           0%         N/A       87%         1
 Magic Dart               Conj           0%         1d3       87%         1
 Pain                     Necr           0%         1d4       87%         1
 Summon Small Mammal      Summ           0%         N/A       87%         1
 Call Imp                 Summ           0%         N/A       95%         2
 Corpse Rot               Necr/Air       0%         N/A       95%         2
 Poisonous Vapours        Pois/Air       0%         N/A       95%         2
 Call Canine Familiar     Summ           0%         N/A       99%         3
 Confusing Touch          Hex            0%         N/A       99%         3
 Gell's Gravitas          Tloc           0%         N/A       99%         3
 Inner Flame              Hex/Fire       0%         N/A       99%         3
 Lesser Beckoning         Tloc           0%         N/A       99%         3
 Mephitic Cloud           Conj/Pois/Air  0%         N/A       99%         3
 Portal Projectile        Hex/Tloc       0%         N/A       99%         3
 Summon Guardian Golem    Hex/Summ       0%         N/A       99%         3
 Teleport Other           Tloc           0%         N/A       99%         3
 Vampiric Draining        Necr           0%         2d6       99%         3
 Anguish                  Hex/Necr       0%         N/A       100%        4
 Cause Fear               Hex            0%         N/A       100%        4
 Leda's Liquefaction      Hex/Erth       0%         N/A       100%        4
 Summon Lightning Spire   Summ/Air       0%         N/A       100%        4
 Blade Hands              Tmut           0%         N/A       100%        5
 Excruciating Wounds      Necr           0%         N/A       100%        5
 Yara's Violent Unravell  Hex/Tmut       0%         3d3       100%        5
 Dragon Form              Tmut           0%         N/A       100%        7
 Enfeeble                 Hex            0%         N/A       100%        7
 Malign Gateway           Summ/Tloc      0%         N/A       100%        7
 Storm Form               Tmut/Air       0%         N/A       100%        7
 Discord                  Hex            0%         N/A       100%        8
 Maxwell's Capacitive Co  Air            0%         ∞         100%        8
 Summon Horrible Things   Summ           0%         N/A       100%        8


Dungeon Overview and Level Annotations

Branches:
Dungeon (15/15)            Temple (1/1) D:7            Lair (6/6) D:11
  Swamp (0/4) Lair:3        Snake (1/4) Lair:3        Slime (0/5) Lair:6
    Orc (2/2) D:11            Elf (0/3) Orc:2        Vaults (0/5) D:14
 Depths (0/4) D:15        Ossuary (visited)          Bailey (visited)

Altars:
Ashenzari
Cheibriados
Dithmenos
Elyvilon
Fedhas
Gozag
Hepliaklqana
Kikubaaqudgha
Makhleb
Nemelex Xobeh
Okawaru
Qazlal
Ru
Sif Muna
Trog
Uskayaw
Vehumet
Wu Jian
Xom
Yredelemnul
Zin
The Shining One
Beogh

Shops:
D:7 *   D:9 *   Orc:2 *:!(

Portals:
Pandemonium: Orc:2


Message History

You feel invigorated.
The naga sharpshooter shoots a bolt.
The bolt barely misses you.
The naga sharpshooter shoots a bolt.
The bolt hits you.
ILmort's illusion hits the naga sharpshooter.
You bump into the rock wall.
The naga sharpshooter shoots a bolt.
The bolt hits you!
* * * LOW HITPOINT WARNING * * *
The naga sharpshooter spits poison at you.
The splash of poison hits you!
You are poisoned.
* * * LOW HITPOINT WARNING * * *
ILmort's illusion hits the naga sharpshooter!!
Lightning courses through the naga sharpshooter!
Okay, then.
You are too confused!
You bump into the rock wall.
You feel sick.
The naga sharpshooter spits poison at you.
The splash of poison hits you.
You are more poisoned.
* * * LOW HITPOINT WARNING * * *
The naga sharpshooter shoots a bolt.
The bolt hits you!!
* * * LOW HITPOINT WARNING * * *
ILmort's illusion hits the naga sharpshooter!!!
The naga sharpshooter dies!
Okay, then.
You are too confused!
You bump into the rock wall.
You feel very sick.
The naga sharpshooter shoots a bolt.
The bolt hits you but does no damage.
Are you sure you want to stumble around while confused and next to your ally ILmort's illusion? [Y]es or [N]o only, please.
Are you sure you want to stumble around while confused and next to your ally ILmort's illusion? [Y]es or [N]o only, please.
Are you sure you want to stumble around while confused and next to your ally ILmort's illusion?
Okay, then.
You are more confused.
You feel more invigorated.
You feel sick.
The naga sharpshooter shoots a bolt.
The bolt hits you!
You die...
Your body glows with a rainbow of weird colours and disappears.

.. .##..# ...
..... ....
#.#.#
....###.#.#
..........#
.......†..##...
......N@#......
... #@#
....######
.........##
..........##
.......†...#
........<..#
..........##
>........##
........##


You could see a naga sharpshooter (catching breath) and the friendly ILmort's
illusion (summoned, very poisoned).

Vanquished Creatures
  An orc warlord (Bailey)
  A spark wasp (D:13)
  2 dire elephants
  The ghost of ILmort the Fighter, a journeyman MiFi of the Shining One (Lair:2)
  Josephine (Orc:1)
  A fire dragon (D:13)
  13 hydras
  5 boulder beetles
  3 catoblepae
  A demonspawn (Orc:2)
  10 centaur warriors
  12 death yaks
  A two-headed ogre (D:12)
  2 tengu warriors
  A naga sharpshooter (Snake:1)
  6 orc high priests (Orc:2)
  A sixfirhy (Orc:2)
  2 skeletal warriors (D:15)
  A bog body (Lair:3)
  A steelbarb worm (shapeshifter) (D:14)
  7 orc knights
  A harpy (shapeshifter) (D:14)
  A harpy (D:13)
  2 lindwurms (Lair:3)
  3 orc sorcerers
  8 cyclopes
  12 ugly things
  A wolf spider (D:15)
  5 manticores
  A manticore (shapeshifter) (D:13)
  3 elephants
  A gargoyle (D:13)
  3 black mambas
  A cane toad (shapeshifter) (D:14)
  6 cane toads
  A torpor snail (Lair:6)
  2 unseen horrors (D:13)
  2 yaktaurs (D:13)
  4 rime drakes
  7 komodo dragons
  An efreet (D:13)
  A tengu conjurer (D:13)
  2 polar bears
  A red devil (Orc:2)
  A queen bee (Lair:3)
  A troll (shapeshifter) (D:13)
  A wind drake (Lair:5)
  5 trolls
  A wind drake (shapeshifter) (D:13)
  4 hornets
  A wolf spider simulacrum (D:13)
  A raiju (Lair:5)
  14 blink frogs
  Prince Ribbit (D:5)
  5 slime creatures
  14 dream sheep
  3 shadows
  10 wraiths
  2 ynoxinuls (Orc:2)
  13 basilisks
  A human (D:14)
  3 wyverns
  50 yaks
  2 steam dragons
  A vampire mosquito (D:13)
  A neqoxec (Orc:2)
  3 nagas
  5 wargs
  14 water moccasins
  2 acid dragons
  A black bear (D:5)
  32 orc warriors
  2 ice beasts (D:7)
  Duvessa (D:7)
  3 sky beasts
  4 necrophages
  10 ogres
  7 wolves
  17 centaurs
  11 bullfrogs
  10 scorpions
  2 water moccasin zombies (D:5)
  Dowan (D:7)
  2 water moccasin skeletons
  28 killer bees
  16 wights
  6 howler monkeys
  4 jellies
  4 centaur zombies
  3 human zombies (Ossuary)
  26 orc priests
  A hound (D:5)
  Crazy Yiuf (D:4)
  A bullfrog skeleton (D:7)
  2 centaur skeletons (D:7)
  A gnoll shaman (D:5)
  3 iguanas
  5 scorpion zombies (Ossuary)
  16 orc wizards
  A hound zombie (D:5)
  4 mummies
  2 howler monkey zombies
  7 adders
  4 gnolls (D:5)
  3 shadow imps (D:7)
  2 white imps
  A dart slug (D:1)
  106 orcs
  6 bats
  9 endoplasms
  5 giant cockroaches
  13 goblins
  14 hobgoblins
  13 kobolds
  6 quokkas
  11 ball pythons
  5 frilled lizards
  2 gnoll zombies (Ossuary)
  A hobgoblin zombie (Ossuary)
  6 kobold zombies
  2 orc zombies
  4 rats
  A spectral goblin (D:1)
749 creatures vanquished.

Vanquished Creatures (collateral kills)
  A storm dragon (Lair:6)
  3 hydras
  2 death yaks (Lair:6)
  A naga sharpshooter (Snake:1)
  A flayed ghost (D:13)
  2 skeletal warriors (D:15)
  3 orc sorcerers (Orc:2)
  4 ugly things
  2 manticores
  3 elephants
  A meliai (Lair:3)
  3 blink frogs (Lair:6)
  A slime creature (D:15)
  7 dream sheep
  A vampire (D:13)
  2 water moccasins
  2 orc warriors
  A jelly (Lair:6)
  An orc priest (Orc:2)
  A hound (Lair:3)
  An endoplasm (Lair:6)
43 creatures vanquished.

Vanquished Creatures (others)
  A wizard (D:13)
  A howler monkey (D:9)
  An orc wizard (Orc:2)
  17 fungi
  18 plants
38 creatures vanquished.

Grand Total: 830 creatures vanquished

Notes
Turn   | Place    | Note
-------+----------+-------------------------------------------
     0 | D:1      | ILmort the Hill Orc Fighter began the quest for the Orb.
     0 | D:1      | Reached XP level 1. HP: 19/19 MP: 1/1
   357 | D:1      | Reached XP level 2. HP: 27/27 MP: 2/2
   361 | D:1      | Reached skill level 4 in Fighting
   604 | D:1      | Reached XP level 3. HP: 26/34 MP: 3/3
   833 | D:1      | Found a faded altar of an unknown god.
  1708 | D:2      | Reached XP level 4. HP: 41/41 MP: 4/4
  1843 | D:2      | Found a radiant altar of Vehumet.
  2083 | D:2      | Reached skill level 5 in Fighting
  2321 | D:3      | Identified the +1 chain mail of the Shoals {Harm Regen+
                  | Str+2}
  2657 | D:3      | Reached skill level 5 in Axes
  2821 | D:3      | Reached XP level 5. HP: 48/48 MP: 5/5
  3155 | D:4      | Noticed an ogre
  3167 | D:4      | Killed an ogre
  3168 | D:4      | Reached skill level 6 in Fighting
  3168 | D:4      | Reached XP level 6. HP: 12/57 MP: 6/6
  3593 | D:4      | Found a sand-covered staircase.
  3607 | Ossuary  | Entered an ossuary
  3777 | Ossuary  | Reached skill level 7 in Fighting
  3777 | Ossuary  | Reached XP level 7. HP: 38/66 MP: 7/7
  3935 | Ossuary  | Reached skill level 8 in Fighting
  3939 | Ossuary  | Reached XP level 8. HP: 68/74 MP: 8/8
  4062 | Ossuary  | Reached skill level 9 in Fighting
  4346 | D:4      | Found a runed translucent door.
  4347 | D:4      | Noticed Crazy Yiuf
  4354 | D:4      | Killed Crazy Yiuf
  4583 | D:5      | Entered Level 5 of the Dungeon
  4814 | D:5      | Reached skill level 10 in Axes
  4853 | D:5      | Reached XP level 9. HP: 63/85 MP: 9/9
  4856 | D:5      | Reached skill level 10 in Fighting
  5137 | D:5      | Noticed Prince Ribbit
  5143 | D:5      | Killed Prince Ribbit
  5144 | D:5      | Reached skill level 5 in Armour
  6058 | D:6      | Reached skill level 11 in Fighting
  6330 | D:6      | Found a basalt altar of Yredelemnul.
  6801 | D:7      | Found a staircase to the Ecumenical Temple.
  6831 | Temple   | Entered the Ecumenical Temple
  7080 | Temple   | Became a worshipper of Nemelex Xobeh the Trickster
  7306 | D:7      | Found a sacrificial altar of Ru.
  7308 | D:7      | Noticed Duvessa
  7308 | D:7      | Noticed Dowan
  7329 | D:7      | Killed Duvessa
  7340 | D:7      | Killed Dowan
  7407 | D:7      | Reached XP level 10. HP: 96/96 MP: 10/10
  7624 | D:7      | Found Otagar's Elemental Accessories.
  7888 | D:8      | Noticed a tengu warrior
  7914 | D:8      | Killed a tengu warrior
  7966 | D:8      | Reached skill level 12 in Fighting
  8048 | D:8      | Found a flagged portal.
  8057 | Bailey   | Entered a bailey
  8063 | Bailey   | Noticed an orc warlord
  8187 | Bailey   | Reached * piety under Nemelex Xobeh
  8192 | Bailey   | Noticed an orc knight
  8217 | Bailey   | Killed an orc knight
  8261 | Bailey   | Found a runed translucent gate.
  8281 | Bailey   | Found a runed translucent gate.
  8282 | Bailey   | Found a runed translucent gate.
  8529 | Bailey   | Killed an orc warlord
  8709 | D:8      | Reached skill level 1 in Invocations
  8743 | D:8      | Reached XP level 11. HP: 105/105 MP: 10/12
  8769 | D:8      | Identified the +3 buckler "Bovi" {+Inv Str+2 Dex+2}
  8819 | D:8      | Reached skill level 13 in Fighting
  9029 | D:8      | Found the +18 Lear's hauberk
  9316 | D:8      | Reached XP level 12. HP: 115/115 MP: 13/21
  9455 | D:9      | Received a gift from Nemelex Xobeh
  9645 | D:9      | Reached ** piety under Nemelex Xobeh
  9780 | D:9      | Found Pahyr's Assorted Antiques.
  9788 | D:9      | Bought a scroll of teleportation for 66 gold pieces
 10019 | D:10     | Entered Level 10 of the Dungeon
 10510 | D:10     | Reached skill level 14 in Fighting
 10798 | D:10     | Found a roughly hewn altar of Beogh.
 10969 | D:11     | Reached skill level 5 in Shields
 11015 | D:11     | Found a blossoming altar of Fedhas.
 11157 | D:11     | Found a staircase to the Lair.
 11478 | D:11     | Received a gift from Nemelex Xobeh
 11481 | D:11     | Reached *** piety under Nemelex Xobeh
 11702 | D:11     | Found a staircase to the Orcish Mines.
 11713 | D:11     | Reached skill level 10 in Armour
 12172 | Lair:1   | Entered Level 1 of the Lair of Beasts
 12291 | Lair:1   | Received a gift from Nemelex Xobeh
 12522 | Lair:1   | Noticed an eight-headed hydra
 12531 | Lair:1   | Killed an eight-headed hydra
 12532 | Lair:1   | Reached skill level 15 in Fighting
 12532 | Lair:1   | Reached XP level 13. HP: 84/126 MP: 22/22
 12998 | Lair:2   | Reached **** piety under Nemelex Xobeh
 13271 | Lair:2   | Noticed ILmort's ghost (journeyman MiFi)
 13274 | Lair:2   | Found a runed translucent door.
 13326 | Lair:2   | Killed ILmort's ghost
 13851 | Lair:2   | Received a gift from Nemelex Xobeh
 13964 | Lair:2   | Reached skill level 16 in Fighting
 14482 | Lair:3   | Reached ***** piety under Nemelex Xobeh
 14516 | Lair:3   | Reached skill level 15 in Axes
 14597 | Lair:3   | Received a gift from Nemelex Xobeh
 14949 | Lair:3   | Found a staircase to the Snake Pit.
 15044 | Lair:3   | Found a staircase to the Swamp.
 15595 | Lair:4   | Reached XP level 14. HP: 106/138 MP: 23/23
 15675 | Lair:4   | Received a gift from Nemelex Xobeh
 15715 | Lair:4   | Reached skill level 17 in Fighting
 15893 | Lair:4   | Received a gift from Nemelex Xobeh
 17029 | Lair:6   | Entered Level 6 of the Lair of Beasts
 17128 | Lair:6   | Found a staircase to the Slime Pits.
 17179 | Lair:6   | Received a gift from Nemelex Xobeh
 17284 | Lair:6   | Reached skill level 18 in Fighting
 17781 | Lair:6   | Noticed a dire elephant
 17797 | Lair:6   | Killed a dire elephant
 17798 | Lair:6   | Reached skill level 10 in Shields
 17804 | Lair:6   | Reached XP level 15. HP: 97/151 MP: 25/25
 17863 | Lair:6   | Identified the amulet of Lorchoc {Acrobat Int+4}
 18019 | Lair:6   | Reached skill level 19 in Fighting
 18022 | Lair:6   | Noticed a storm dragon
 18022 | Lair:6   | a death yak changed into a storm dragon
 18037 | Lair:6   | Killed a storm dragon
 18122 | Lair:6   | Received a gift from Nemelex Xobeh
 18674 | Orc:1    | Entered Level 1 of the Orcish Mines
 18898 | Orc:2    | Entered Level 2 of the Orcish Mines
 19034 | Orc:2    | Found a staircase to the Elven Halls.
 19085 | Orc:2    | Received a gift from Nemelex Xobeh
 19714 | Orc:2    | Reached skill level 15 in Invocations
 19946 | Orc:2    | Found Azaruastro's Distillery.
 19947 | Orc:2    | Found Irufir's General Store.
 20181 | Orc:2    | Paralysed by an orc sorcerer for 7 turns
 20194 | Orc:2    | Reached skill level 20 in Fighting
 20287 | Orc:2    | Found Nuon's Antique Weapon Shop.
 20287 | Orc:2    | Found Feem's Book Boutique.
 20287 | Orc:2    | Found a one-way gate leading to the halls of Pandemonium.
 20632 | Orc:2    | Bought a scroll of blinking for 120 gold pieces
 20632 | Orc:2    | Bought a scroll of enchant armour for 120 gold pieces
 20634 | Orc:2    | Bought a potion of cancellation for 96 gold pieces
 20960 | Orc:1    | Noticed Josephine
 20970 | Orc:1    | Killed Josephine
 21037 | Orc:1    | Found a roughly hewn altar of Beogh.
 21278 | D:12     | Reached ****** piety under Nemelex Xobeh
 21359 | D:12     | Received a gift from Nemelex Xobeh
 22191 | D:13     | Identified the +6 glaive "Huve" {distort, rC+ Will+ rCorr
                  | Stlth+}
 22236 | D:13     | Reached XP level 16. HP: 87/165 MP: 28/28
 22341 | D:13     | Reached skill level 21 in Fighting
 22345 | D:13     | Identified the -1 long sword "Grim Tooth" {elec, Will-
                  | rCorr Str+8 Dex+4}
 22489 | D:13     | Received a gift from Nemelex Xobeh
 22842 | D:13     | Identified the +1 chain mail of the Eternal Fruit {rN+
                  | Regen+ Int+2 SInv}
 22851 | D:13     | Got the Catalogue of Bewitchment and Transmutation
 23356 | D:13     | Received a gift from Nemelex Xobeh
 23454 | D:13     | Identified the amulet "Limeunn" {Rampage rC- Regen+ rCorr
                  | SInv}
 23800 | D:14     | You fall into a shaft and drop 1 floor!
 23800 | D:15     | Entered Level 15 of the Dungeon
 23913 | D:14     | Received a gift from Nemelex Xobeh
 24217 | D:14     | Received a gift from Nemelex Xobeh
 24444 | D:14     | Found a gate to the Vaults.
 25315 | D:15     | Reached skill level 22 in Fighting
 25339 | D:15     | Received a gift from Nemelex Xobeh
 25456 | D:15     | Found a staircase to the Depths.
 25715 | Snake:1  | Entered Level 1 of the Snake Pit
 25787 | Snake:1  | HP: 5/169 [naga sharpshooter/bolt (24)]
 25789 | Snake:1  | Shot with a bolt by a naga sharpshooter

Illustrated notes

Levels and vault maps discovered:
D:1:      evilmike_arrival_fibonacci_small, layout_basic,
          dreamdust_ecumenical_altar_drowned_temple, minmay_tall_x
D:2:      layout_loops_corners, basic_altar
D:3:      layout_loops_ring, kennysheep_pointless_box
D:4:      layout_loops_corners, nicolae_ossuary_entry_giza,
          uniq_crazy_yiuf_cottage
D:5:      layout_cave_pods, grunt_decor_fettered, uniq_prince_ribbit1
D:6:      layout_gridville, mainiacjoe_overflow_cross_hatched,
          serial_park_tiny_1, hex_medium, chequers_jeans
D:7:      layout_basic, mainiacjoe_overflow_small_starburst,
          minmay_temple_entry_mist, nicolae_elemental_shop, uniq_duvessa
D:8:      layout_loops_ring, enter_bailey_8, grunt_ministairs_8,
          hellmonk_guarded_unrand_lears
D:9:      layout_big_octagon, serial_shops, shop
D:10:     layout_long_grid, special_room [special_room_orc]
D:11:     layout_stronghold, erik_lair_orcish_takeover, orc_0_dummy,
          fedhas_altar_fruit_tree
D:12:     layout_gridville
D:13:     minmay_the_grid_square_5x5_5x5
          [minmay_the_grid_square_5x5_checkered_statues,
          minmay_the_grid_square_5x5_mess, minmay_the_grid_square_5x5_six_small,
          minmay_the_grid_square_5x5_tri_point,
          minmay_the_grid_square_5x5_almost_minimal,
          minmay_the_grid_square_5x5_plus,
          minmay_the_grid_square_5x5_prize_snowflake,
          minmay_the_grid_square_5x5_dogpile,
          minmay_the_grid_square_5x5_prize_monsterx,
          minmay_the_grid_square_5x5_shuriken,
          minmay_the_grid_square_5x5_two_small,
          minmay_the_grid_square_5x5_two_walls_b,
          minmay_the_grid_square_5x5_prize_pseudospiral,
          minmay_the_grid_square_5x5_shrine2,
          minmay_the_grid_square_5x5_trominoes, minmay_the_grid_square_5x5_comb,
          minmay_the_grid_square_5x5_prize_waves,
          minmay_the_grid_square_5x5_percent,
          minmay_the_grid_square_5x5_prize_open, minmay_the_grid_square_5x5_c,
          minmay_the_grid_square_5x5_slash, minmay_the_grid_square_5x5_longway,
          minmay_the_grid_square_5x5_one_wall, minmay_the_grid_square_5x5_z,
          minmay_the_grid_square_5x5_tie], layout_basic
D:14:     layout_rooms, david_vaults_2, minmay_misc_feat_more_columns,
          grunt_livestock
D:15:     hangedman_depths_entry_try_elsewhere_first, layout_basic
Temple:   mainiacjoe_temple_big_plus
Lair:1:   layout_chaotic_city, infiniplex_staircase_pool_2
Lair:2:   layout_layer_cave, hellmonk_ghost_happy_afterlife,
          chequers_serial_rivers_small_a
Lair:3:   layout_loops_ring, skrybe_swamp_entry_bodies,
          guppyfry_snake_entry_island, gauntlet_entry_generic, special_room
          [special_room_bee]
Lair:4:   layout_concentric_octagons, grunt_megastairs_2, lemuel_fruit_tree
Lair:5:   layout_hall_layers, grunt_megastairs_5
Lair:6:   hangedman_lair_in_review, layout_concentric_octagons,
          nicolae_slime_entry_slimehenge, kennysheep_basilisk_garden
Snake:1:  layout_gridlike, basic_altar, ebering_ghost_rock_garden
Orc:1:    layout_diamond_mine, minmay_orc_temple_a, uniq_josephine
Orc:2:    pf_orc_diabolical, layout_diamond_mine

Skill      XL: |  1  2  3  4  5  6  7  8  9 10 11 12 13 14 15 16 |
---------------+-------------------------------------------------+-----
Axes           | 3 4 5 6 7 8 10 11 13 14 15 16 | 16.0
Fighting       | 4 5 6 7 8 9 11 12 13 15 16 18 20 22 | 22.1
Armour         | 4 6 8 10 11 12 | 12.5
Invocations    | 1 12 14 16 17 | 17.1
Shields        | 6 8 10 11 | 11.7

Action                   |  1- 3 |  4- 6 |  7- 9 | 10-12 | 13-15 | 16-18 || total
-------------------------+-------+-------+-------+-------+-------+-------++-------
Melee: War axe           |   118 |   142 |   296 |   456 |   801 |   296 ||  2109
       Flail             |       |       |       |     5 |    69 |    67 ||   141
Invok: Draw Destruction  |       |       |       |     1 |    44 |     4 ||    49
       Draw Summoning    |       |       |       |       |    16 |    11 ||    27
       Draw Escape       |       |       |       |       |     1 |     2 ||     3
  Use: Scroll            |       |     5 |     6 |     5 |     6 |     1 ||    23
       Potion            |       |       |    11 |     5 |     3 |     3 ||    22
 Stab: Distracted        |       |       |     1 |       |     2 |     2 ||     5
       Petrified         |       |       |       |       |     3 |       ||     3
       Petrifying        |       |       |       |       |       |     1 ||     1
Armor: Scale mail        |    57 |    27 |       |       |       |       ||    84
       Chain mail        |       |    67 |   124 |   229 |   558 |   284 ||  1262
Dodge: Dodged            |    72 |    59 |    95 |   134 |   275 |   134 ||   769
Block: Buckler           |    38 |    30 |    56 |   113 |   358 |   188 ||   783
